 Dungeon Crawl Stone Soup version 0.30-a0-12-gd8047c6341 (webtiles) character file.

Game seed: 13170705535020890137

30 ytrimaz the Insei (level 3, 7/27 HPs)
             Began as a Demonspawn Transmuter on Aug 22, 2022.
             Quit the game on level 1 of the Dungeon on Aug 23, 2022.
             The game lasted 00:02:00 (948 turns).

ytrimaz the Insei (Demonspawn Transmuter)            Turns: 948, Time: 00:02:01

Health: 7/27       AC:  4    Str: 10    XL:     3   Next: 5%
Magic:  6/6        EV: 12    Int: 16    God:
Gold:   31         SH:  0    Dex: 13    Spells: 5/6 levels left

rFire   . . .      SeeInvis .      - Unarmed
rCold   . . .      Faith    .    (no shield)
rNeg    . . .      Spirit   .    a - +0 robe
rPois   .          Reflect  .    (no helmet)
rElec   .          Harm     .    (no cloak)
rCorr   .          Rampage  .    (no gloves)
Will    .....                    (no boots)
Stlth   +.........               (no amulet)
HPRegen 0.09/turn                (no ring)
MPRegen 0.10/turn                (no ring)

@: no status effects
A: yellow scales 1, demonic guardian 1
a: no special abilities


You were on level 1 of the Dungeon.
You visited 1 branch of the dungeon, and saw 1 of its levels.

You collected 31 gold pieces.

Inventory:

Armour
 a - a +0 robe (worn)
Jewellery
 e - a ring of fire
Scrolls
 f - a scroll of identify {unknown}
Potions
 b - 2 potions of lignification
 c - a potion of flight {unknown}
 d - a potion of might {unknown}


   Skills:
 * Level 1.7 Fighting
 - Level 1.7 Dodging
 + Level 3.5 Unarmed Combat
 - Level 2.0 Spellcasting
 - Level 1.7 Transmutations


You had 5 spell levels left.
You knew the following spells:

 Your Spells              Type           Power      Damage    Failure   Level
a - Beastly Appendage     Tmut           14%        N/A       10%         1

Your spell library contained the following spells:

 Spells                   Type           Power      Damage    Failure   Level
 Wereblood                Tmut           7%         N/A       16%         2
 Apportation              Tloc           2%         N/A       21%         1
 Magic Dart               Conj           4%         1d3       21%         1
 Necrotise                Necr           4%         1d4       21%         1
 Summon Small Mammal      Summ           4%         N/A       21%         1
 Searing Ray              Conj           2%         2d4       30%         2
 Static Discharge         Conj/Air       1%         3-4/arc   30%         2
 Spider Form              Tmut/Pois      4%         N/A       41%         3
 Ice Form                 Ice/Tmut       4%         N/A       82%         4
 Dispel Undead            Necr           1%         3d6       90%         4
 Fulminant Prism          Conj/Hex       0%         3d6       90%         4
 Sticky Flame             Conj/Fire      1%         2d3       90%         4


Dungeon Overview and Level Annotations

Branches:
Dungeon (1/15)

Altars:


Innate Abilities, Weirdness & Mutations

You are partially covered in yellow scales. (AC +2)
A weak demonic guardian rushes to your aid.


Message History

The bat hits your iron imp but does no damage. x2
Your iron imp hits the bat!
The bat dies!
A rat comes into view.
Your horns disappear.
Your talons disappear.
Your iron imp hits the hobgoblin but does no damage.
The hobgoblin hits your iron imp but does no damage.
The hobgoblin hits your iron imp but does no damage.
Your iron imp completely misses the hobgoblin.
Unknown command.
The hobgoblin closely misses your iron imp.
Your iron imp hits the hobgoblin!
The hobgoblin dies!
You have reached level 3!
Your experience leads to an increase in your attributes!
Increase (S)trength, (I)ntelligence, or (D)exterity?
You feel clever. x2; Your demonic ancestry asserts itself...
Yellow scales grow over part of your body.
A rat is nearby!
Your iron imp hits the rat.
The rat dies!
Your iron imp closely misses the rat.
The rat bites your iron imp.
The rat bites your iron imp but does no damage.
Your iron imp hits the rat.
The rat dies!
Your iron imp disappears in a puff of smoke!
A rat comes into view.
A rat is nearby!
A rat is nearby!
A rat is nearby!
You are too injured to fight recklessly!
You are too injured to fight recklessly!
You are too injured to fight recklessly!
You are too injured to fight recklessly!
Unknown command.
You are too injured to fight recklessly!
You are too injured to fight recklessly!
You hit the rat.
You kill the rat!
Are you sure you want to abandon this character and quit the game? (Confirm with "yes".)

... #.# #.# ..
#.# #.. #.. ..
#.# .. #†# .#
#@# .#
#.###.####.b
#####...))......
+..>#..##.######
###...###.# ###
#..##.... ...
##..#.#####.#
##...## #.#
###..####†#


There were no monsters in sight!

Vanquished Creatures
  A dart slug (D:1)
  2 ball pythons (D:1)
  A bat (D:1)
  2 endoplasms (D:1)
  4 hobgoblins (D:1)
  5 kobolds (D:1)
  A quokka (D:1)
  3 frilled lizards (D:1)
  2 rats (D:1)
21 creatures vanquished.

Vanquished Creatures (collateral kills)
  A bat (D:1)
  A giant cockroach (D:1)
  A hobgoblin (D:1)
  2 rats (D:1)
5 creatures vanquished.

Vanquished Creatures (others)
  A plant (D:1)
1 creature vanquished.

Grand Total: 27 creatures vanquished

Notes
Turn   | Place    | Note
-------+----------+-------------------------------------------
     0 | D:1      | ytrimaz the Demonspawn Transmuter began the quest for the
                  | Orb.
     0 | D:1      | Reached XP level 1. HP: 15/15 MP: 3/3
     0 | D:1      | Upgraded the game from 0.30-a0-6-g7c9e10e132 to
                  | 0.30-a0-12-gd8047c6341
    65 | D:1      | Reached skill level 3 in Unarmed Combat
   170 | D:1      | Gained mutation: A weak demonic guardian rushes to your
                  | aid. [demonic ancestry]
   170 | D:1      | Reached XP level 2. HP: 18/21 MP: 3/5
   249 | D:1      | Found a faded altar of an unknown god.
   903 | D:1      | Gained mutation: You are partially covered in yellow
                  | scales. (AC +2) [demonic ancestry]
   903 | D:1      | Reached XP level 3. HP: 3/27 MP: 6/6
   948 | D:1      | Quit the game

Illustrated notes

Levels and vault maps discovered:
D:1:      matt_arrival_los_fun, layout_basic,
          shapermc_ecumenical_altar_mp_ritualfount, minmay_octomino_c4

Skill      XL: |  1 |
---------------+----+-----
Unarmed Combat | 3 |  3.5
Fighting       | |  1.7
Dodging        | |  1.7
Spellcasting   | |  2.0
Transmutations | |  1.7

Action                   || total
-------------------------++-------
Melee: Unarmed           ||    50
       Kick              ||    13
       Headbutt          ||     9
 Cast: Beastly Appendage ||    14
 Stab: Sleeping          ||     2
Armor: Robe              ||     5
Dodge: Dodged            ||    32

Table legend: (Time is in decaauts)
 A = Elapsed time spent in this place.
 B = Non-inter-level travel time spent in this place.
 C = Inter-level travel time spent in this place.
 D = Time resting spent in this place.
 E = Time spent auto-exploring this place.
 F = Levels seen in this place.
 G = Mean time per level.
                   A        B        C        D        E       F      G
               +--------+--------+--------+--------+--------+-----+--------+
         Total |    945 |    945 |      0 |      0 |    774 |   1 |  945.0 |
       Dungeon |    945 |    945 |      0 |      0 |    774 |   1 |  945.0 |
               +--------+--------+--------+--------+--------+-----+--------+

Top non-repeatable levels by time:
     D:1: 945 daAuts
